Map: [ESL] Moondance

Players

Has - Winner!

  • Race: Protoss Protoss
  • Spawn Location: 6:00

Nice

  • Race: Protoss Protoss
  • Spawn Location: 12:00

Event: DreamHack SC2 Masters 2022 Atlanta (Online)

VOD

Have the link to the VOD?

Description

Time

  • Played on: Oct. 2, 2022, 8:40 a.m.
  • Length: 4:59

All games in this series

Show
View Real Time Build Order
Export as new Build Order

Has Protoss - Winner!

Build Orders:  

Get SALT Encoding   

  12  0:00  Probe  
  13  0:12  Probe  
  14  0:18  Pylon  
  14  0:24  Probe (Chrono Boost)  
  15  0:36  Gateway  
  15  0:37  Probe (Chrono Boost)  
  15  0:42  Probe (Chrono Boost)  
  16  0:45  Assimilator  
  17  0:53  Probe  
  17  0:55  Assimilator  
  18  1:05  Probe  
  18  1:09  Gateway  
  19  1:18  Probe  
  20  1:23  Cybernetics Core  
  20  1:26  Pylon  
  20  1:30  Probe  
  21  1:42  Probe  
  23  1:54  Probe  
  23  1:59  Warp Gate  
  27  2:05  Robotics Facility  
  27  2:13  Pylon  
  27  2:15  Stalker  
  27  2:17  Probe  
  26  2:23  Stalker  
  28  2:40  Probe  
  28  2:45  Stalker  
  28  2:46  Gateway  
  30  2:53  Stalker  
  30  2:57  Observer (Chrono Boost)  
  33  3:00  Shield Battery  
  33  3:10  Warp Prism  
  35  3:22  Pylon  
  35  3:47  Stalker x3  
  41  3:51  Pylon  
  41  4:12  Stalker x3  
  47  4:17  Pylon  
  47  4:37  Stalker x3  
Show
View Real Time Build Order
Export as new Build Order

Nice Protoss 

Build Orders:  

Get SALT Encoding   

  12  0:00  Probe  
  13  0:12  Probe  
  14  0:19  Pylon  
  14  0:24  Probe (Chrono Boost)  
  15  0:38  Gateway, Probe (Chrono Boost)  
  16  0:44  Probe  
  16  0:47  Assimilator  
  17  0:56  Probe (Chrono Boost)  
  18  0:58  Assimilator  
  18  1:08  Probe (Chrono Boost)  
  18  1:09  Gateway  
  19  1:16  Probe (Chrono Boost)  
  20  1:23  Probe  
  21  1:26  Cybernetics Core  
  21  1:35  Probe  
  21  1:36  Pylon  
  22  1:44  Pylon  
  22  1:47  Probe  
  23  2:01  Warp Gate (Chrono Boost)  
  23  2:02  Stalker x2  
  27  2:09  Probe  
  28  2:21  Pylon  
  28  2:32  Stalker x2  
  32  2:47  Gateway  
  32  2:59  Shield Battery  
  32  3:00  Probe  
  33  3:22  Nexus  
  33  3:35  Probe  
  33  3:39  Robotics Facility  
  33  3:44  Sentry x2  
  33  3:47  Shield Battery  
  37  3:52  Stalker  
  39  4:03  Pylon  
  39  4:12  Shield Battery  
  39  4:23  Probe  
  38  4:25  Stalker x2  
  38  4:26  Sentry  
  41  4:37  Shield Battery  
Tags
 
Add a new tag
Caveats
  • Supply blocks, unpowered buildings, or Contaminate may cause inaccurate times.
  • Supply counts are checked every 10 seconds.